 Dungeon Crawl Stone Soup version 0.29-a0-284-gf9362112df (webtiles) character file.

Game seed: 9221868779050363838

154 Hubjo the Sneak (level 5, -12/39 HPs)
             Began as a Demonspawn Enchanter on Mar 16, 2022.
             Was a Believer of Nemelex Xobeh.
             Killed by an exploding orc (27 damage)
             ... ignited by their inner flame
             ... on level 3 of the Dungeon.
             The game lasted 00:03:48 (2513 turns).

Hubjo the Sneak (Demonspawn Enchanter)              Turns: 2513, Time: 00:03:49

Health: -12/39     AC:  2    Str:  8    XL:     5   Next: 13%
Magic:  0/8        EV: 12    Int: 17    God:    Nemelex Xobeh [**....]
Gold:   104        SH:  0    Dex: 15    Spells: 9/9 levels left

rFire   . . .      SeeInvis .   a - +1 dagger
rCold   . . .      Faith    .   (no shield)
rNeg    . . .      Spirit   +   b - +0 robe
rPois   .          Reflect  .   (helmet restricted)
rElec   .          Harm     .   (no cloak)
rCorr   +          Rampage  .   (no gloves)
Will    .....                   (no boots)
Stlth   +++.......              (no amulet)
HPRegen 0.13/turn               j - ring of resist corrosion
MPRegen 0.22/turn               (no ring)

@: no status effects
A: horns 1, spiny 1, magic shield, magic regeneration
a: Renounce Religion, Draw Escape, Draw Destruction, Draw Summoning


You were on level 3 of the Dungeon.
You worshipped Nemelex Xobeh.
Nemelex Xobeh was pleased with you.
You visited 1 branch of the dungeon, and saw 3 of its levels.

You collected 104 gold pieces.

Inventory:

Hand Weapons
 a - a +1 dagger (weapon)
 e - a +0 spear of flaming
Armour
 b - a +0 robe (worn)
Jewellery
 j - a ring of resist corrosion (left hand)
Wands
 k - a wand of iceblast (7)
 s - a wand of digging (1)
Scrolls
 d - a scroll of enchant weapon {unknown}
 g - a scroll of immolation
 h - 2 scrolls of fog {unknown}
 o - a scroll of holy word
 q - a scroll of magic mapping {unknown}
Potions
 c - 3 potions of invisibility
 f - a potion of mutation {unknown}
 i - a potion of haste {unknown}
 l - a potion of lignification {unknown}
 m - a potion of heal wounds {unknown}
 n - a potion of magic {unknown}
 p - a potion of resistance {unknown}
 r - a potion of brilliance {unknown}


   Skills:
 * Level 2.7 Fighting
 - Level 0.8 Short Blades
 - Level 1.7 Dodging
 * Level 3.9 Stealth
 + Level 2.6 Spellcasting
 + Level 3.6 Hexes


You had 9 spell levels left.
You didn't know any spells.
Your spell library contained the following spells:

 Spells                   Type           Power      Damage    Failure   Level
 Confusing Touch          Hex            14%        N/A       12%         3
 Tukima's Dance           Hex            14%        N/A       12%         3
 Ensorcelled Hibernation  Hex/Ice        16%        N/A       13%         2
 Dazzling Flash           Conj/Hex       16%        N/A       26%         3


Dungeon Overview and Level Annotations

Branches:
Dungeon (3/15)

Altars:
Ashenzari
Elyvilon
Nemelex Xobeh
Wu Jian

Shops:
D:3 *


Innate Abilities, Weirdness & Mutations

You have a pair of small horns on your head.
You are partially covered in sharp spines.
When hurt, damage is shared between your health and your magic reserves.
You regenerate magic rapidly.


Message History

The orc shouts! x2
You draw a card...
You have drawn Velocity.
The orc seems to slow down. x4
The orc wizard seems to slow down.
The orc hits you with a +0 dagger.
Found a robe.
The orc is struck by your spines. The orc closely misses you.
The orc throws a boomerang.
The boomerang hits you.
The orc throws a boomerang.
The boomerang hits you. The orc is struck by your spines.
The orc barely misses you. x3
Found a leather armour and 15 gold pieces.
The orc misses you.
The orc throws a boomerang.
The boomerang closely misses you.
You closely miss the orc. The orc is struck by your spines.
The orc hits you with a +0 flail. The orc is struck by your spines.
The orc hits you with a +0 flail! The orc is struck by your spines.
The orc misses you. The orc is struck by your spines.
You kill the orc!
The orc shouts!
As you read the scroll labelled VOFOSO DOELAU, it crumbles to dust.
The creatures around you are filled with an inner flame!
It was a scroll of immolation.
The orc wizard shouts!
The orc shouts!
The orc hits you but does no damage. The orc barely misses you.
The kobold hits you but does no damage.
You draw a card...
You have drawn the Tomb.
Walls emerge from the floor!
The orc hits you with a +0 dagger. The orc is struck by your spines.
Flame seeps out of the orc.
The orc barely misses you. The orc hits you but does no damage.
The kobold hits you with a +0 dagger. The orc closely misses you.
The orc is struck by your spines.
Flame seeps out of the orc.
The orc misses you.
You draw a card...
You have drawn the Elixir.
You begin rapidly regenerating health and magic.
The deck of cards glows slightly and disappears.
The orc barely misses you.
The orc is engulfed in blazing flames.
The orc explodes!
The fiery explosion engulfs the orc!
The fiery explosion engulfs the kobold!!!
The fiery explosion engulfs the orc wizard!!
The fiery explosion engulfs you!!
Ouch! That really hurt!
You die...
Your body disappears without a glow.

#..# #..#
##..$...... #...
###.........#
...........# #
#..........#
#.####..........#
#........§§§....[#
#........#○§o....#
#.# #..§@oo....# #.#
#..oo#.....# #.#
#.....#....# #.#
#.##.## ..## #.#
#...## [#
#######.#####.##.# #
..............# .#
#######.#####.####.#
#............#


You could see 5 orcs.

Vanquished Creatures
  Ijyb (D:3)
  An orc wizard (D:3)
  Natasha (D:3)
  5 adders
  A river rat (D:3)
  2 dart slugs
  3 orcs (D:3)
  5 endoplasms
  3 giant cockroaches
  A goblin (D:3)
  5 hobgoblins
  A jackal (D:3)
  7 kobolds
  2 quokkas (D:2)
  6 ball pythons
  2 bats
  3 rats
49 creatures vanquished.

Notes
Turn   | Place    | Note
-------+----------+-------------------------------------------
     0 | D:1      | Hubjo the Demonspawn Enchanter began the quest for the Orb.
     0 | D:1      | Reached XP level 1. HP: 13/13 MP: 3/3
   525 | D:1      | Gained mutation: You are partially covered in sharp spines.
                  | [demonic ancestry]
   525 | D:1      | Reached XP level 2. HP: 20/20 MP: 5/5
   549 | D:1      | Reached skill level 1 in Fighting
   817 | D:1      | You fall into a shaft and drop 1 floor!
   833 | D:2      | Found a faded altar of an unknown god.
   852 | D:2      | Prayed at the altar of an unknown god.
   852 | D:2      | Became a worshipper of Nemelex Xobeh the Trickster
   852 | D:2      | Reached * piety under Nemelex Xobeh
   852 | D:2      | Received a gift from Nemelex Xobeh
   962 | D:2      | Found a broken altar of Ashenzari.
   984 | D:2      | Gained mutation: You have a pair of small horns on your
                  | head. [demonic ancestry]
   984 | D:2      | Reached XP level 3. HP: 19/26 MP: 6/6
  1895 | D:3      | Found Cycamuxkuo's General Store.
  1950 | D:3      | Gained mutation: You regenerate magic rapidly. [demonic
                  | ancestry]
  1950 | D:3      | Reached XP level 4. HP: 30/33 MP: 7/7
  2035 | D:3      | Noticed Ijyb
  2054 | D:3      | Killed Ijyb
  2310 | D:3      | Noticed Natasha
  2315 | D:3      | Killed Natasha
  2316 | D:3      | Gained mutation: When hurt, damage is shared between your
                  | health and your magic reserves. [demonic ancestry]
  2316 | D:3      | Reached XP level 5. HP: 39/39 MP: 8/8
  2433 | D:3      | Found an ornate altar of the Wu Jian Council.
  2485 | D:3      | Reached ** piety under Nemelex Xobeh
  2513 | D:3      | Killed by an exploding orc... ignited by their inner flame

Illustrated notes

Levels and vault maps discovered:
D:1:      wander_arrival_estate, layout_loops_cross, serial_park_tiny_pond
D:2:      layout_basic, basic_ecumenical_altar, basic_altar
D:3:      layout_loops_ring, nzn_wu_jian_council_hall,
          mainiacjoe_overflow_surrounded_room, serial_shops, shop,
          kennysheep_generic_room_5, uniq_natasha, uniq_ijyb

Skill      XL: |  1  2  3 |
---------------+----------+-----
Fighting       | 1 2 |  2.7
Stealth        | 3 |  3.9
Short Blades   | |  0.8
Dodging        | |  1.7
Spellcasting   | |  2.6
Hexes          | |  3.6

Action                   |  1- 3 |  4- 6 || total
-------------------------+-------+-------++-------
Melee: Dagger            |    77 |    31 ||   108
       Headbutt          |     5 |     6 ||    11
Invok: Draw Destruction  |     1 |       ||     1
       Draw Escape       |       |     3 ||     3
  Use: Scroll            |     1 |     1 ||     2
 Stab: Sleeping          |     7 |     4 ||    11
       Distracted        |     1 |       ||     1
Armor: Robe              |    11 |     7 ||    18
Dodge: Dodged            |    41 |    25 ||    66

Table legend: (Time is in decaauts)
 A = Elapsed time spent in this place.
 B = Non-inter-level travel time spent in this place.
 C = Inter-level travel time spent in this place.
 D = Time resting spent in this place.
 E = Time spent auto-exploring this place.
 F = Levels seen in this place.
 G = Mean time per level.
                   A        B        C        D        E       F      G
               +--------+--------+--------+--------+--------+-----+--------+
         Total |   2508 |   2508 |      0 |      0 |   2100 |   3 |  836.0 |
       Dungeon |   2508 |   2508 |      0 |      0 |   2100 |   3 |  836.0 |
               +--------+--------+--------+--------+--------+-----+--------+

Top non-repeatable levels by time:
     D:2: 1007 daAuts
     D:1: 815 daAuts
     D:3: 684 daAuts
